 Dungeon Crawl Stone Soup version 0.20-a0-2-g2b0e13a (console) character file.

2802 brucemayne the Cleaver (level 9, -1/50 HPs)
             Began as a Demonspawn Berserker on Oct 29, 2016.
             Was a Believer of Trog.
             Slain by a gnoll
             ... wielding a +0 spear
              (7 damage)
             ... on level 9 of the Dungeon.
             The game lasted 00:17:01 (3291 turns).

brucemayne the Cleaver (Demonspawn Berserker)       Turns: 3291, Time: 00:17:02

Health: -1/50      AC:  9    Str: 19 (21) XL:     9   Next: 44%
Magic:  0/9        EV:  8    Int:  6      God:    Trog [**....]
Gold:   49         SH:  0    Dex: 11      Spells: 0 memorised, 8 levels left

rFire  + . .     SeeInvis .     p - +0 war axe
rCold  . . .     Gourm    .     n - +0 chain mail
rNeg   . . .     Faith    .     (no shield)
rPois  .         Spirit   +     (helmet restricted)
rElec  .         Reflect  .     o - +0 cloak
rCorr  .         Harm     .     (no gloves)
MR     ++...     Rnd*Rage +     (no boots)
Stlth  ..........               f - amulet of guardian spirit
                                (no ring)
                                t - ring of wizardry

@: exhausted, regenerating, slowed, very slow
A: antennae 1, berserk 1, blurry vision 1, clumsy 1, deterioration 1, dopey 1,
fire resistance 1, frail 2, powered by pain 1
a: Berserk, Trog's Hand, Burn Spellbooks, Renounce Religion


You were on level 9 of the Dungeon.
You worshipped Trog.
Trog was pleased with you.
You were hungry.

You visited 2 branches of the dungeon, and saw 10 of its levels.

You collected 140 gold pieces.
You spent 91 gold pieces at shops.

Inventory:

Hand Weapons
 a - a +0 hand axe
 p - a +0 war axe (weapon)
Armour
 n - a +0 chain mail (worn)
 o - a +0 cloak (worn)
 y - a +0 ring mail of magic resistance
 z - +0 fire dragon scales
Jewellery
 f - an amulet of guardian spirit (around neck)
 k - an uncursed ring of fire
 t - a ring of wizardry (left hand)
 A - an uncursed amulet of rage
Wands
 g - a wand of iceblast (13/15)
 s - a wand of iceblast (10/15)
 u - a wand of lightning (7/15)
 w - a wand of polymorph (6/24)
Scrolls
 b - 2 scrolls of identify
 d - 3 scrolls of teleportation
 h - 2 scrolls of fear {unknown}
 i - 3 scrolls of remove curse
 j - 2 scrolls of enchant weapon
 m - a scroll of noise {unknown}
 x - a scroll of silence {unknown}
Potions
 l - a potion of haste
 r - a potion of ambrosia
 B - a potion of brilliance
Books
 e - a book of Cantrips

   Spells                             Type                      Level
   a - Confusing Touch                Hexes                        1
   b - Animate Skeleton               Necromancy                   1
   c - Summon Small Mammal            Summoning                    1
   d - Apportation                    Translocation                1
   Trog disapproves of the use of such an item.
Comestibles
 c - 2 bread rations
 q - 2 chunks of flesh
 v - 2 fruits


   Skills:
 - Level 3.0 Fighting
 + Level 12.0 Axes
 - Level 1.7 Armour
 - Level 1.7 Dodging


You had 8 spell levels left.
You didn't know any spells.

Dungeon Overview and Level Annotations

Branches:
Dungeon (9/15)             Temple (1/1) D:6            Lair (0/6) D:8
    Orc (0/2) D:9

Altars:
Cheibriados
Elyvilon
Fedhas
Gozag
Hepliaklqana
Kikubaaqudgha
Makhleb
Nemelex Xobeh
Okawaru
Ru
Sif Muna
Trog
Xom
Yredelemnul
Zin
The Shining One

Shops:
D:4 *   D:7 !   D:9 ?


Innate Abilities, Weirdness & Mutations

You have a pair of small antennae on your head.
Your flesh is heat resistant. (rF+)
You sometimes gain a little power by taking damage.
You tend to lose your temper in combat.
Scrolls take you a little longer to read.
You are clumsy. (Dex -2)
Your body sometimes deteriorates upon taking damage.
You are dopey. (Int -2)
You are very frail. (-20% HP)


Message History

The orc warrior hits you from afar with a halberd.
* * * LOW HITPOINT WARNING * * *
The troll bites you.
* * * LOW HITPOINT WARNING * * *
The troll claws you.
* * * LOW HITPOINT WARNING * * *
The troll completely misses you. The gnoll barely misses you.
Unknown command.
You closely miss the troll.
Unknown command.
Unknown command.
Unknown command.
Unknown command.
You slash the troll!
The troll is moderately wounded.
You are no longer berserk.
You are exhausted.
You feel yourself slow down.
The gnoll hits you from afar with a spear!
You die...

#..# ##...## # #K.#
##.### # ##O## #..# #
#..# ##.## #
#####K.#####..# .
#..........#.## #
##..goo...)...#
#..)T)...)).## ####
##..@).....## ###..#
##.......## ##.....
#........# ###......
#∩.......###........
####........##.........
#......................
##.##...####.#.........
## ##### #####.......
##......


You could see a troll, an orc warrior, 2 big kobolds, an ogre, a gnoll and an
orc.

Vanquished Creatures
  The ghost of removeelyvilon the Vexing, a novice DsEn of Uskayaw (D:5)
  Sigmund (D:6)
  An orc warrior (D:9)
  3 sky beasts
  An ice beast (D:9)
  2 phantoms
  A black bear (D:9)
  2 wolves (D:8)
  4 ogres
  3 big kobolds (D:9)
  2 gnoll sergeants
  A howler monkey (D:5)
  5 hounds
  A jelly (D:8)
  A quasit (D:8)
  A bullfrog skeleton (D:5)
  A gnoll shaman (D:9)
  An orc priest (D:7)
  A centaur skeleton (D:9)
  3 iguanas
  An orc wizard (D:4)
  3 worker ants
  9 gnolls
  6 adders
  3 shadow imps
  3 oozes
  An adder skeleton (D:5)
  10 dart slugs
  2 leopard geckos
  16 orcs
  2 giant cockroaches
  8 hobgoblins
  4 jackals (D:7)
  10 kobolds
  A quokka (D:3)
  2 bats
  5 goblins
  4 rats
126 creatures vanquished.

Notes
Turn   | Place    | Note
-------+----------+-------------------------------------------
     0 | D:1      | brucemayne the Demonspawn Berserker began the quest for the Orb.
     0 | D:1      | Reached XP level 1. HP: 18/18 MP: 1/1
   123 | D:2      | Reached skill level 3 in Axes
   162 | D:2      | Gained mutation: You have a pair of small antennae on your head. [demonic ancestry]
   162 | D:2      | Reached XP level 2. HP: 21/24 MP: 2/2
   332 | D:3      | Reached XP level 3. HP: 15/29 MP: 3/3
   358 | D:3      | Gained mutation: Scrolls take you a little longer to read. [potion of mutation]
   358 | D:3      | Gained mutation: You passively map a small area around you. [potion of mutation]
   358 | D:3      | Gained mutation: Your spells are a little harder to cast, but a little more powerful. [potion of mutation]
   455 | D:3      | Reached skill level 4 in Axes
   685 | D:4      | Reached ** piety under Trog
   685 | D:4      | Reached XP level 4. HP: 30/35 MP: 4/4
   740 | D:4      | Noticed an ogre
   753 | D:4      | Killed an ogre
   753 | D:4      | Reached skill level 5 in Axes
   753 | D:4      | Reached XP level 5. HP: 17/41 MP: 0/5
   881 | D:5      | Entered Level 5 of the Dungeon
   901 | D:5      | Noticed a phantom
   979 | D:5      | Noticed removeelyvilon's ghost (novice DsEn)
   998 | D:4      | Reached skill level 6 in Axes
  1080 | D:3      | Noticed a dagger
  1080 | D:3      | Noticed a dagger
  1149 | D:3      | Reached XP level 6. HP: 19/47 MP: 4/6
  1274 | D:4      | Found Fequmo Waixo's General Store.
  1284 | D:4      | Reached skill level 7 in Axes
  1492 | D:5      | Gained mutation: You sometimes gain a little power by taking damage. [demonic ancestry]
  1492 | D:5      | Reached XP level 7. HP: 37/52 MP: 5/7
  1589 | D:5      | Killed removeelyvilon's ghost
  1589 | D:5      | Reached skill level 8 in Axes
  1648 | D:4      | Bought 2 potions of mutation for 55 gold pieces
  1648 | D:4      | Gained mutation: You tend to lose your temper in combat. [potion of mutation]
  1648 | D:4      | Gained mutation: You are frail. (-10% HP) [potion of mutation]
  1648 | D:4      | Gained mutation: Your body sometimes deteriorates upon taking damage. [potion of mutation]
  1649 | D:4      | Lost mutation: Your spells are a little harder to cast, but a little more powerful. [potion of mutation]
  1649 | D:4      | Lost mutation: You passively map a small area around you. [potion of mutation]
  1745 | D:6      | Found a staircase to the Ecumenical Temple.
  1754 | Temple   | Entered the Ecumenical Temple
  1977 | D:6      | Found a deep blue altar of Sif Muna.
  1999 | D:6      | Reached skill level 9 in Axes
  1999 | D:6      | Gained mutation: Your flesh is heat resistant. (rF+) [demonic ancestry]
  1999 | D:6      | Reached XP level 8. HP: 39/52 MP: 5/8
  2066 | D:6      | Noticed Sigmund
  2080 | D:6      | Killed Sigmund
  2131 | D:6      | Found a snail-covered altar of Cheibriados.
  2133 | D:6      | Found a glowing silver altar of Zin.
  2217 | D:6      | Found a bloodstained altar of Trog.
  2314 | D:6      | Found a burning altar of Makhleb.
  2438 | D:8      | Reached skill level 10 in Axes
  2575 | D:7      | Found a sparkling altar of Nemelex Xobeh.
  2585 | D:7      | Found Gideyram's Distillery.
  2634 | D:7      | Bought a potion of curing for 36 gold pieces
  2654 | D:7      | HP: 1/52 [killer bee (2)]
  2760 | D:8      | Found a staircase to the Lair.
  2795 | D:8      | Reached skill level 11 in Axes
  2795 | D:8      | Reached XP level 9. HP: 27/56 MP: 3/9
  2801 | D:8      | Gained mutation: You are dopey. (Int -2) [mutagenic meat]
  2802 | D:8      | Gained mutation: You are clumsy. (Dex -2) [mutagenic meat]
  2803 | D:8      | Gained mutation: You are very frail. (-20% HP) [mutagenic meat]
  2810 | D:8      | Noticed a troll
  3131 | D:9      | Found Fafewn's Magic Scroll Emporium.
  3230 | D:9      | Found a staircase to the Orcish Mines.
  3230 | D:9      | Noticed a troll
  3289 | D:9      | Reached skill level 12 in Axes
  3291 | D:9      | Slain by a gnoll

Vault maps used:
D:1:      lordsloth_arrival_two_stooges, serial_bayou_lagoon_a
D:2:      old_standard_altar
D:3:      dancing_weapons_uskayaw, uniq_natasha
D:4:      kennysheep_slugbush, serial_shops, shop_fountains, first_bread
D:6:      nicolae_overflow_crystal_walls, lemuel_doored_altar,
          nicolae_overflow_hidden_temple, trog_hazing_becter, uniq_edmund,
          uniq_sigmund
D:7:      kennysheep_seaside_town, grunt_temple_overflow_open, serial_shops,
          shop, nemelex_dance_club_becter, uniq_duvessa
D:8:      erik_lair_island, grunt_livestock, lemuel_statue_altar
D:9:      kennysheep_orc_monster_closet_entryway, serial_shops, shop
Temple:   hc_temple_tempest_star

Skill      XL: |  1  2  3  4  5  6  7  8  9 |
---------------+----------------------------+-----
Axes           | 3 4 5 6 7 9 11 12 | 12.0
Fighting       | |  3.0
Armour         | |  1.7
Dodging        | |  1.7

Action                   |  1- 3 |  4- 6 |  7- 9 || total
-------------------------+-------+-------+-------++-------
Melee: Hand axe          |    98 |    93 |       ||   191
       War axe           |       |    13 |   265 ||   278
Invok: Berserk           |     6 |     6 |    10 ||    22
       Trog's Hand       |       |     6 |     8 ||    14
  Use: Scroll            |     4 |     1 |     2 ||     7
       Potion            |     5 |     1 |     9 ||    15
 Stab: Invisible         |     1 |       |       ||     1
  Eat: Chunk             |     4 |    12 |     9 ||    25
       Pizza             |       |       |     1 ||     1
       Meat ration       |       |       |     1 ||     1
       Bread ration      |       |       |     1 ||     1
Armor: Animal skin       |    15 |    14 |    24 ||    53
       Skin              |    24 |       |       ||    24
       Scale mail        |       |     9 |       ||     9
       Chain mail        |       |       |    93 ||    93
Dodge: Dodged            |    51 |    65 |   141 ||   257
